 Dungeon Crawl Stone Soup version 0.31-a0-692-gf03d1854d5 (webtiles) character file.

Game seed: 4660521978466324737

22 qw the Shooter (level 2, -2/17 HPs)
             Began as a Gargoyle Hunter on Sept 6, 2023.
             Slain by a jackal (3 damage)
             ... on level 2 of the Dungeon.
             The game lasted 00:00:08 (321 turns).

qw the Shooter (Gargoyle Hunter)                     Turns: 321, Time: 00:00:08

Health: -2/17      AC:  5    Str: 14    XL:     2   Next: 91%
Magic:  2/2        EV: 11    Int:  9    God:
Gold:   12         SH:  0    Dex: 13    Spells: 1/1 levels left

rFire   . . .        a - +0 shortbow
rCold   . . .        (shield currently unavailable)
rNeg    + . .        c - +0 leather armour
rPois   inf          (no helmet)
rElec   +            (no cloak)
rCorr   .            (no gloves)
SInv    .            (no boots)
Will    .....        (no amulet)
Stlth   +            (no ring)
HPRegen 0.22/turn    (no ring)
MPRegen 0.08/turn

%: no passive effects
@: no status effects
A: sickness immunity, AC +2, negative energy resistance 1, electricity
resistance, torment resistance 1, petrification resistance
a: no special abilities


You were on level 2 of the Dungeon.
You visited 1 branch of the dungeon, and saw 2 of its levels.

You collected 12 gold pieces.


Innate Abilities, Weirdness & Mutations

You are immune to sickness and miasma.
Your stone body is resilient. (AC +2)
You are immune to poison.
You resist negative energy. (rN+)
You are resistant to electric shocks. (rElec)
You are resistant to unholy torment.
You are immune to petrification.


   Skills:
 - Level 2.1 Fighting
 + Level 4.8 Ranged Weapons
 - Level 1.5 Dodging
 - Level 1.1 Stealth


You had one spell level left.
You didn't know any spells.
Your spell library was empty.

Inventory:

Hand Weapons
 a - a +0 shortbow (weapon)
Armour
 c - a +0 leather armour (worn)
Scrolls
 b - a scroll of butterflies
Potions
 d - a potion of attraction {unknown}

Dungeon Overview and Level Annotations

Branches:
Dungeon (1/15)

Altars:


Message History

The jackal bites you but does no damage.
You shoot an arrow.
The arrow hits the adder but does no damage.
The adder is lightly wounded.
The jackal barely misses you.
The jackal bites you but does no damage.
The adder bites you but does no damage. The jackal barely misses you.
You shoot an arrow. The arrow hits the adder.
The adder is heavily wounded.
The jackal bites you but does no damage.
The adder closely misses you. The jackal misses you.
The jackal closely misses you. The adder barely misses you.
The rat twitches its whiskers.
The rat bites you but does no damage.
The jackal bites you but does no damage.
You shoot an arrow. The arrow misses the adder.
The jackal misses you. The adder bites you but does no damage.
The jackal bites you. x2; The rat barely misses you.
The adder bites you but does no damage.
You shoot an arrow.
The arrow hits the adder but does no damage.
The adder is heavily wounded.
The jackal closely misses you. x2; The adder bites you but does no damage.
The rat bites you.
The jackal bites you but does no damage.
The jackal closely misses you.
You shoot an arrow. The arrow closely misses the adder.
The adder bites you.
The jackal bites you but does no damage.
The rat closely misses you. The jackal barely misses you. The adder bites you.
The jackal completely misses you.
You shoot an arrow. The arrow hits the adder!
You kill the adder!
The jackal misses you. The rat misses you.
The jackal bites you but does no damage.
The jackal closely misses you. The rat closely misses you.
You shoot an arrow.
The arrow hits the jackal but does no damage.
The jackal closely misses you. The jackal bites you.
You die...

..........# ..........#
#########.#
..........###.........#
########...##.........#
#.#.##.........#
#.#%%#.........#
#.##...........#
#.###.....r....# #.#
##...@.....# ..#
####hh.##.# .## ###.#
.# . .. .. .##


You could see 2 jackals and a rat.

Vanquished Creatures
  An adder (D:2)
  A dart slug (D:1)
  2 bats
  A giant cockroach (D:2)
  3 goblins (D:1)
  A quokka (D:1)
  A frilled lizard (D:1)
10 creatures vanquished.

Notes
Turn   | Place    | Note
-------+----------+-------------------------------------------
     0 | D:1      | qw the Gargoyle Hunter began the quest for the Orb.
     0 | D:1      | Reached XP level 1. HP: 12/12 MP: 1/1
     0 | D:1      | 0 ||| qw: Version: 0.3-a-76-g4403597
     0 | D:1      | 0 ||| qw: Game counter: 200
     0 | D:1      | 0 ||| qw: Melee chars always use a shield: true
     0 | D:1      | 0 ||| qw: God list: Okawaru
     0 | D:1      | 0 ||| qw: Allow faded altars: false
     0 | D:1      | 0 ||| qw: Do Orc after clearing Dungeon:15 true
     0 | D:1      | 0 ||| qw: Do second Lair branch before Depths: true
     0 | D:1      | 0 ||| qw: Lair rune preference: random
     0 | D:1      | 0 ||| qw: Goals: Normal
     0 | D:1      | 0 ||| PLANNING D:1-11
   119 | D:1      | Reached XP level 2. HP: 9/17 MP: 2/2
   277 | D:1      | You fall into a shaft and drop 1 floor!
   317 | D:2      | HP: 4/17 [jackal (2)]
   319 | D:2      | HP: 1/17 [adder (2)]
   321 | D:2      | Slain by a jackal

Levels and vault maps discovered:
D:1:      minmay_arrival_split_and_join, layout_loops_corners
D:2:      layout_basic, uniq_robin

Action                     || total
---------------------------++-------
   Fire: Shortbow          ||    43
 Armour: Leather armour    ||    37
  Dodge: Dodged            ||    44

Table legend:
 A = Non-vault XP
 B = Vault XP
 C = Vault XP percentage of total XP
 D = Non-vault monster count
 E = Vault monster count
 F = Vault count percentage of total count
                 A         B        C        D         E       F
            +---------+---------+-------+---------+---------+-------
      Total |      32 |       0 |   0.0 |      10 |       0 |   0.0
            +---------+---------+-------+---------+---------+-------
        D:1 |      15 |       0 |   0.0 |       7 |       0 |   0.0
        D:2 |      17 |       0 |   0.0 |       3 |       0 |   0.0
            +---------+---------+-------+---------+---------+-------
